 Dungeon Sprint DCSS version 0.19.5 (webtiles) character file.

2148 Azzok the Fighter (level 9, 0/88 HPs)
             Began as a Formicid Fighter on June 26, 2017.
             Was the Champion of Cheibriados.
             Slain by an eight-headed hydra (11 damage)
             ... in the Dungeon (Sprint IX: "|||||||||||||||||||||||||||||").
             The game lasted 00:03:46 (912 turns).

Azzok the Fighter (Formicid Fighter)                 Turns: 912, Time: 00:03:46

Health: 0/88       AC:  9    Str: 39    XL:     9   Next: 56%
Magic:  11/15      EV: 12    Int: 23    God:    Cheibriados [******]
Gold:   9          SH: 13    Dex: 25    Spells: 0 memorised, 8 levels left

rFire  . . .     SeeInvis +     a - +0 quarterstaff
rCold  . . .     Gourm    .     b - +0 scale mail
rNeg   . . .     Faith    .     c - +0 shield
rPois  .         Spirit   .     (helmet unavailable)
rElec  .         Reflect  .     r - +0 cloak
rCorr  .         Harm     .     q - +0 pair of gloves
MR     .....                    (no boots)
Stlth  +.........               (no amulet)
                                u - +2 ring of evasion
                                t - +2 ring of evasion

@: very slow
A: permanent stasis, dig shafts and tunnels, four strong arms, antennae 3
a: Dig, Bend Time, Temporal Distortion, Slouch, Step From Time, Renounce
Religion


You were in the Dungeon.
You worshipped Cheibriados.
Cheibriados was exalted by your worship.
You were not hungry.

You visited 1 branch You collected 9 gold pieces.

Inventory:

Hand Weapons
 a - a +0 quarterstaff (weapon)
 p - a +0 lajatang
Armour
 b - a +0 scale mail (worn)
 c - a +0 shield (worn)
 q - a +0 pair of gloves (worn)
 r - a +0 cloak (worn)
Jewellery
 t - a +2 ring of evasion (left hand)
 u - a +2 ring of evasion (right hand)
Wands
 o - a wand of acid (7/15)
Scrolls
 j - a scroll of identify
 k - 6 scrolls of enchant armour
 m - 5 scrolls of remove curse
 n - 2 scrolls of amnesia
Potions
 d - a potion of might
 e - 6 potions of curing
 g - 2 potions of heal wounds
 h - a potion of brilliance
 i - 4 potions of magic
 l - a potion of invisibility
 s - a potion of mutation {!q}
Comestibles
 f - a bread ration {@e1}


   Skills:
 + Level 14.7 Fighting
 + Level 13.4 Staves
 - Level 3.2 Armour
 - Level 3.6 Shields
 + Level 8.3 Invocations


You had 8 spell levels left.
You didn't know any spells.

Dungeon Overview and Level Annotations

Branches:
Dungeon (1/1)

Altars:
Cheibriados
Dithmenos
Elyvilon
Fedhas
Gozag
Hepliaklqana
Kikubaaqudgha
Makhleb
Nemelex Xobeh
Okawaru
Qazlal
Ru
Sif Muna
Trog
Uskayaw
Vehumet
Xom
Yredelemnul
Zin
The Shining One
Beogh
Jiyva
Lugonu


Innate Abilities, Weirdness & Mutations

You are under a permanent stasis effect.
You can dig through walls and to a lower floor.
Your four strong arms can wield two-handed weapons with a shield.
You have a pair of large antennae on your head. (SInv)


Message History

The eight-headed hydra bites you but does no damage.
The eight-headed hydra barely misses you.
The eight-headed hydra bites you but does no damage.
You block the eight-headed hydra's attack. x3
The eight-headed hydra barely misses you.
The eight-headed hydra bites you!
* * * LOW HITPOINT WARNING * * *
You take 8 damage, and have 27/88 hp.
You hit the eight-headed hydra.
The eight-headed hydra is lightly wounded.
You bludgeon the eight-headed hydra!!
The eight-headed hydra is heavily wounded.
The eight-headed hydra bites you!
* * * LOW HITPOINT WARNING * * *
You block the eight-headed hydra's attack.
The eight-headed hydra closely misses you.
The eight-headed hydra bites you.
* * * LOW HITPOINT WARNING * * *
The eight-headed hydra bites you!
You die... {{{{{{{{{{{{{ {{{{{{{{{{{{ {{{{{ ▓▓▓▓▓▓▓▓▓▓▓▓▓▓▓▓▓▓▓▓▓▓▓▓▓ ········'÷·····†@DFFSrlr· {{ {{{{

▓▓▓▓▓▓▓▓▓▓▓▓▓▓▓▓▓▓▓▓▓▓▓▓▓▓▓▓▓▓▓▓▓
·································
▓▓▓▓▓▓▓▓▓▓▓▓▓▓▓▓▓▓▓▓▓▓▓▓▓▓▓▓▓▓▓▓▓
···'_______________________·'··|)
▓▓▓▓▓▓▓▓▓▓▓▓▓▓▓▓▓▓▓▓▓▓▓▓▓▓▓▓▓▓▓▓▓


You could see an eight-headed hydra, a basilisk, a blink frog, a water moccasin,
a bullfrog and 2 porcupines.

Vanquished Creatures
  A spiny frog (D)
  A slime creature (D)
  A blink frog (D)
  3 hippogriffs (D)
  A basilisk (D)
  2 porcupines (D)
  An orc warrior (D)
  3 crocodiles (D)
  A bullfrog (D)
  A scorpion (D)
  2 crimson imps (D)
  2 orc wizards (D)
  3 worker ants (D)
  2 adders (D)
  A shadow imp (D)
  A worm (D)
  A bat skeleton (D)
  A goblin (D)
  A hobgoblin (D)
  A kobold (D)
  2 bats (D)
32 creatures vanquished.

Notes
Turn   | Place    | Note
-------+----------+-------------------------------------------
     0 | D        | Azzok the Formicid Fighter began the quest for the Orb.
     0 | D        | Reached XP level 1. HP: 18/18 MP: 1/1
    10 | D        | Reached skill level 4 in Fighting
    24 | D        | Reached skill level 5 in Fighting
    24 | D        | Reached XP level 2. HP: 22/27 MP: 2/2
    26 | D        | Reached XP level 3. HP: 26/33 MP: 3/3
    35 | D        | Reached skill level 6 in Fighting
   154 | D        | Found a roughly hewn altar of Beogh.
   154 | D        | Found a snail-covered altar of Cheibriados.
   154 | D        | Found a shadowy altar of Dithmenos.
   154 | D        | Found a white marble altar of Elyvilon.
   154 | D        | Found a blossoming altar of Fedhas.
   154 | D        | Found an opulent altar of Gozag.
   155 | D        | Found a hazy altar of Hepliaklqana.
   156 | D        | Found a viscous altar of Jiyva.
   157 | D        | Found an ancient bone altar of Kikubaaqudgha.
   158 | D        | Found a corrupted altar of Lugonu.
   159 | D        | Found a burning altar of Makhleb.
   160 | D        | Found a sparkling altar of Nemelex Xobeh.
   161 | D        | Found an iron altar of Okawaru.
   162 | D        | Found a stormy altar of Qazlal.
   163 | D        | Found a sacrificial altar of Ru.
   164 | D        | Found a deep blue altar of Sif Muna.
   165 | D        | Found a bloodstained altar of Trog.
   166 | D        | Found a hide-covered altar of Uskayaw.
   167 | D        | Found a radiant altar of Vehumet.
   168 | D        | Found a shimmering altar of Xom.
   169 | D        | Found a basalt altar of Yredelemnul.
   170 | D        | Found a glowing silver altar of Zin.
   171 | D        | Found a glowing golden altar of the Shining One.
   266 | D        | Became a worshipper of Cheibriados the Contemplative
   299 | D        | Noticed an orc warrior
   299 | D        | Noticed a scorpion
   299 | D        | Noticed a hippogriff
   305 | D        | Killed an orc warrior
   305 | D        | Reached skill level 8 in Fighting
   305 | D        | Reached XP level 4. HP: 45/45 MP: 4/4
   305 | D        | Reached XP level 5. HP: 50/50 MP: 5/5
   308 | D        | Reached * piety under Cheibriados
   308 | D        | Reached skill level 9 in Fighting
   312 | D        | Reached XP level 6. HP: 54/60 MP: 6/6
   314 | D        | Reached ** piety under Cheibriados
   317 | D        | Killed a hippogriff
   317 | D        | Reached skill level 11 in Fighting
   317 | D        | Reached skill level 10 in Staves
   317 | D        | Reached XP level 7. HP: 63/68 MP: 7/7
   339 | D        | Noticed a slime creature
   347 | D        | Killed a slime creature
   347 | D        | Reached *** piety under Cheibriados
   347 | D        | Reached skill level 12 in Fighting
   349 | D        | Reached XP level 8. HP: 58/78 MP: 8/8
   355 | D        | Reached **** piety under Cheibriados
   355 | D        | Reached skill level 13 in Fighting
   580 | D        | Noticed a basilisk
   580 | D        | Noticed a hippogriff
   584 | D        | Noticed a spiny frog
   584 | D        | Reached skill level 1 in Invocations
   589 | D        | Reached ***** piety under Cheibriados
   591 | D        | Noticed a hippogriff
   614 | D        | Killed a basilisk
   615 | D        | Reached skill level 5 in Invocations
   620 | D        | Killed a hippogriff
   620 | D        | Reached skill level 14 in Fighting
   620 | D        | Reached XP level 9. HP: 27/87 MP: 7/13
   630 | D        | Killed a spiny frog
   638 | D        | Killed a hippogriff
   897 | D        | Noticed a blink frog
   897 | D        | Noticed a blink frog
   897 | D        | Noticed an eight-headed hydra
   904 | D        | Killed a blink frog
   904 | D        | Reached ****** piety under Cheibriados
   912 | D        | Slain by an eight-headed hydra

Skill      XL: |  1  2  3  4  5  6  7  8  9 |
---------------+----------------------------+-----
Fighting       | 5 8 9 11 12 14 | 14.7
Staves         | 3 4 7 8 10 11 12 13 | 13.4
Invocations    | 5 8 |  8.3
Armour         | |  3.2
Shields        | |  3.6

Action                   |  1- 3 |  4- 6 |  7- 9 || total
-------------------------+-------+-------+-------++-------
Melee: Quarterstaff      |    23 |       |     6 ||    29
       Lajatang          |     6 |    12 |    70 ||    88
Invok: Bend Time         |       |       |     3 ||     3
  Use: Potion            |     1 |       |     4 ||     5
Armor: Scale mail        |    13 |     7 |    17 ||    37
Dodge: Dodged            |     9 |     3 |    30 ||    42
Block: Shield            |     9 |     5 |    40 ||    54
